 Dungeon Crawl Stone Soup version 0.28-a0-850-g09de17f5b5 (webtiles) character file.

Game seed: 12160855591778444538

199 flyleaff the Covered (level 5, -10/47 HPs)
             Began as a Minotaur Fighter on Nov 13, 2021.
             Was an Initiate of Ru.
             Mangled by a two-headed ogre (13 damage)
             ... on level 4 of the Dungeon.
             The game lasted 00:03:47 (3406 turns).

flyleaff the Covered (Minotaur Fighter)             Turns: 3406, Time: 00:03:48

Health: -10/47     AC:  8    Str: 22    XL:     5   Next: 48%
Magic:  4/4        EV:  9    Int:  5    God:    Ru [......]
Gold:   88         SH:  4    Dex:  9    Spells: 4/4 levels left

rFire   . . .      SeeInvis +   a - +0 war axe
rCold   . . .      Faith    .   c - +0 buckler
rNeg    . . .      Spirit   .   b - +0 scale mail
rPois   .          Reflect  .   (helmet restricted)
rElec   .          Harm     .   (no cloak)
rCorr   .          Rampage  .   (no gloves)
Will    .....                   f - +0 pair of boots
Stlth   ..........              (no amulet)
HPRegen 0.15/turn               s - ring of see invisible
MPRegen 0.09/turn               (no ring)

@: no status effects
A: horns 2, retaliatory headbutt
a: Renounce Religion


You were on level 4 of the Dungeon.
You worshipped Ru.
Ru was noncommittal.
You visited 1 branch of the dungeon, and saw 4 of its levels.

You collected 88 gold pieces.

Inventory:

Hand Weapons
 a - a +0 war axe (weapon)
Missiles
 r - a boomerang (quivered)
Armour
 b - a +0 scale mail (worn)
 c - a +0 buckler (worn)
 f - a +0 pair of boots (worn)
Jewellery
 s - a ring of see invisible (left hand)
Wands
 i - a wand of flame (9)
Scrolls
 g - 3 scrolls of teleportation {unknown}
 h - 2 scrolls of identify {unknown}
 l - a scroll of vulnerability {unknown}
 m - a scroll of enchant armour {unknown}
 n - a scroll of fog {unknown}
 p - a scroll of fear {unknown}
 q - a scroll of amnesia {unknown}
Potions
 d - a potion of might
 e - a potion of berserk rage {unknown}
 j - 4 potions of curing {unknown}
 k - a potion of flight {unknown}
 o - a potion of ambrosia {unknown}


   Skills:
 + Level 4.8 Fighting
 + Level 3.8 Axes
 + Level 5.0 Armour
 + Level 4.9 Shields


You had 4 spell levels left.
You didn't know any spells.
Your spell library was empty.

Dungeon Overview and Level Annotations

Branches:
Dungeon (4/15)
 Temple: D:4-7

Altars:
Fedhas
Ru


Innate Abilities, Weirdness & Mutations

You have a pair of horns on your head.
You reflexively headbutt those who attack you in melee.


Message History

A kobold is nearby!
A kobold is nearby!
A kobold is nearby!
The kobold throws a stone.
The stone barely misses you.
A ball python comes into view.
You slash the kobold!
You kill the kobold!
The ball python bites you. You block the ball python's attack.
Things that are here:
a +0 dagger; 4 stones; a kobold corpse You barely miss the ball python.
You headbutt the ball python.
You kill the ball python!
No target in view!
No target in view!
No target in view!
You see here a ball python corpse.
A gnoll, a two-headed ogre and a skeleton come into view.
The gnoll shouts!
The two-headed ogre shouts in stereo!
You hear a shout!
The gnoll moves out of view.
There are monsters nearby!
There are monsters nearby!
There are monsters nearby!
Found a stone staircase leading up.
A gnoll comes into view. It is wielding a +0 whip.
The adder skeleton barely misses you.
You slash the adder skeleton! You headbutt the adder skeleton.
You destroy the adder skeleton!
A gnoll comes into view. It is wielding a +3 spear.
The two-headed ogre hits you with a +0 giant club!
The two-headed ogre hits you with a +0 giant club.
A gnoll comes into view. It is wielding a +0 halberd.
The gnoll shouts! x2
You hit the two-headed ogre but do no damage.
You headbutt the two-headed ogre!
The two-headed ogre is lightly wounded.
The two-headed ogre hits you with a +0 giant club!!
Ouch! That really hurt!
* * * LOW HITPOINT WARNING * * *
The two-headed ogre hits you with a +0 giant club!
You die...

#.## #...# ###...###
####..###..
........#####.........#
#..†).....†..######
###.####..#..)....
#......##...####
###....####.#..#
#...##....#.##.#
......#.@...#.... .#
######..Og....... ..
#..?......g.. .
#......g....
#.........<.
#.........g.
#...........
#...........


You could see a two-headed ogre and 4 gnolls.

Vanquished Creatures
  2 orc wizards (D:3)
  A gnoll (D:1)
  4 adders
  An adder skeleton (D:4)
  2 worms
  3 dart slugs
  11 orcs (D:3)
  3 ball pythons
  5 endoplasms
  4 giant cockroaches
  6 goblins
  2 hobgoblins
  3 jackals (D:2)
  4 quokkas
  3 frilled lizards
  5 kobolds
  5 rats
  A bush (D:2)
65 creatures vanquished.

Vanquished Creatures (others)
  An orc wizard (D:3)
  4 plants (D:2)
  6 withered plants (D:2)
11 creatures vanquished.

Grand Total: 76 creatures vanquished

Notes
Turn   | Place    | Note
-------+----------+-------------------------------------------
     0 | D:1      | flyleaff the Minotaur Fighter began the quest for the Orb.
     0 | D:1      | Reached XP level 1. HP: 19/19 MP: 0/0
    98 | D:1      | Reached XP level 2. HP: 27/27 MP: 1/1
   120 | D:1      | Reached skill level 4 in Armour
   343 | D:1      | Reached XP level 3. HP: 22/33 MP: 2/2
  1398 | D:2      | Found a faded altar of an unknown god.
  2133 | D:3      | Reached XP level 4. HP: 41/41 MP: 3/3
  2282 | D:3      | Found a sacrificial altar of Ru.
  2282 | D:3      | Found a blossoming altar of Fedhas.
  2491 | D:3      | Became a worshipper of Ru the Awakened
  2869 | D:3      | Reached XP level 5. HP: 15/47 MP: 4/4
  3121 | D:3      | Reached skill level 5 in Armour
  3402 | D:4      | Noticed a two-headed ogre
  3406 | D:4      | Mangled by a two-headed ogre

Illustrated notes

Levels and vault maps discovered:
D:1:      minmay_arrival_arboretum_small, layout_basic
D:2:      layout_basic, serial_forest, infiniplex_forest_end_3,
          infiniplex_forest_lined_1, infiniplex_forest_zigzag_1,
          infiniplex_forest_clump_small, infiniplex_forest_clump_tiny,
          infiniplex_forest_clump_tiny, infiniplex_forest_split,
          infiniplex_forest_lined_3, infiniplex_forest_clump_curved,
          ebering_ecumenical_altar_petrified
D:3:      layout_loops_ring, amethyst_overflow_temple_binary
D:4:      layout_rooms, okawaru_metal_pillars_1_2, moated_statue

Skill      XL: |  1  2  3  4  5 |
---------------+----------------+-----
Armour         | 4 5 |  5.0
Shields        | 4 |  4.9
Fighting       | 4 |  4.8
Axes           | 3 |  3.8

Action                   |  1- 3 |  4- 6 || total
-------------------------+-------+-------++-------
Melee: War axe           |   111 |    68 ||   179
       Headbutt          |    23 |    19 ||    42
Armor: Scale mail        |    31 |    21 ||    52
Dodge: Dodged            |    23 |    22 ||    45
Block: Buckler           |    14 |    10 ||    24

Table legend: (Time is in decaauts)
 A = Elapsed time spent in this place.
 B = Non-inter-level travel time spent in this place.
 C = Inter-level travel time spent in this place.
 D = Time resting spent in this place.
 E = Time spent auto-exploring this place.
 F = Levels seen in this place.
 G = Mean time per level.
                   A        B        C        D        E       F      G
               +--------+--------+--------+--------+--------+-----+--------+
         Total |   3466 |   3212 |    254 |      0 |   2747 |   4 |  866.5 |
       Dungeon |   3466 |   3212 |    254 |      0 |   2747 |   4 |  866.5 |
               +--------+--------+--------+--------+--------+-----+--------+

Top non-repeatable levels by time:
     D:2: 1390 daAuts
     D:3: 1217 daAuts
     D:1: 763 daAuts
     D:4: 95 daAuts
